 Dungeon Crawl Stone Soup version 0.23-a0-8-gb809bb7 (webtiles) character file.

105 Amnesiac the Magician (level 4, -2/30 HPs)
             Began as a Mummy Wizard on Aug 1, 2018.
             Slain by a river rat (6 damage)
             ... in a sewer.
             The game lasted 00:04:33 (1520 turns).

Amnesiac the Magician (Mummy Wizard)                Turns: 1520, Time: 00:04:33

Health: -2/30      AC:  5    Str: 10    XL:     4   Next: 54%
Magic:  0/12       EV: 10    Int: 18    God:
Gold:   119        SH:  0    Dex: 10    Spells: 5/16 levels left

rFire    x . .     SeeInvis .   l - +0 blowgun
rCold    + . .     Gourm    .   (no shield)
rNeg     + + +     Faith    .   c - +0 ring mail (curse)
rPois    ∞         Spirit   +   (no helmet)
rElec    .         Reflect  .   f - scarf {Spirit}
rCorr    .         Harm     .   (no gloves)
MR       .....                  (no boots)
Stlth    +.........             (no amulet)
HPRegen  0.10/turn              g - ring of flight
MPRegen  0.13/turn              (no ring)

@: very slightly contaminated
A: no food or potions, fire vulnerability, cold resistance 1, negative energy
resistance 3, torment resistance, unbreathing
a: Evoke Flight


You were in a sewer.
You were not hungry.

You visited 1 branch of the dungeon, and saw 4 of its levels.
You also visited: Sewer.

You collected 119 gold pieces.

Inventory:

Hand Weapons
 a - a +0 hunting sling
 b - a +0 short sword
 l - a +0 blowgun (weapon)
Missiles
 j - 10 stones
 m - 10 poisoned needles (quivered)
Armour
 c - a cursed +0 ring mail (worn)
 f - a scarf of spirit shield (worn)
 h - a +0 cloak
Jewellery
 g - a ring of flight (left hand)
Wands
 k - a wand of random effects (41)
Scrolls
 d - a scroll of identify {!r}
 e - a scroll of remove curse {!r}
 i - a scroll of amnesia {!r}


   Skills:
 - Level 1.5 Dodging
 - Level 1.5 Stealth
 + Level 6.7 Spellcasting
 - Level 0.7 Conjurations
 - Level 0.7 Summonings
 - Level 0.7 Translocations


You had 5 spell levels left.
You knew the following spells:

 Your Spells              Type           Power        Failure   Level  Hunger
a - Magic Dart            Conj           #...         22%         1    N/A
b - Call Imp              Summ           #.......     32%         2    N/A
e - Mephitic Cloud        Conj/Pois/Air  #.......     61%         3    N/A
s - Conjure Flame         Conj/Fire      #.......     58%         3    N/A
v - Blink                 Tloc           N/A          32%         2    N/A

Your spell library contained the following spells:

 Spells                   Type           Power        Failure   Level  Hunger
 Slow                     Hex            #.......     41%         2    N/A

Dungeon Overview and Level Annotations

Branches:
Dungeon (4/15)
 Temple: D:4-7

Altars:


Innate Abilities, Weirdness & Mutations

You do not eat or drink.
Your flesh is vulnerable to fire.
You are immune to poison.
Your flesh is cold resistant. (rC+)
You are immune to negative energy. (rN+++)
You are immune to unholy pain and torment.
You can survive without breathing.


Message History

Aim: a river rat (lightly wounded)
You shoot a stone.
The stone hits the river rat but does no damage.
The river rat is lightly wounded.
The river rat bites you but does no damage.
The kobold hits you but does no damage.
Casting: Call Imp (safe; 32% risk of failure)
Confirm with . or Enter, or press ? or * to list all spells.
Aiming: Magic Dart (safe; 22% risk of failure)
Press: ? - help, Shift-Dir - straight line, f - kobold, p - river rat
Aim: a kobold The magic dart hits the kobold.
The kobold is moderately wounded.
The river rat bites you. The kobold hits you but does no damage.
Firing (i - inventory)
j - 13 stones (quivered)
Press: ? - help, Shift-Dir - straight line, f/p - kobold
Aim: a kobold (moderately wounded)
You shoot a stone. The stone misses the kobold.
The river rat bites you but does no damage.
The kobold closely misses you.
Firing (i - inventory)
j - 12 stones (quivered)
Press: ? - help, Shift-Dir - straight line, f/p - kobold
Aim: a kobold (moderately wounded)
You shoot a stone. The stone barely misses the kobold.
The river rat bites you but does no damage.
The kobold hits you.
* * * LOW HITPOINT WARNING * * *
Firing (i - inventory)
j - 11 stones (quivered)
Press: ? - help, Shift-Dir - straight line, f/p - kobold
Aim: a kobold (moderately wounded)
You shoot a stone. The stone hits the kobold.
You kill the kobold!
The river rat bites you.
* * * LOW HITPOINT WARNING * * *
The river rat closely misses you.
The river rat bites you but does no damage.
Items here: (( ) † a blowgun; 11 poisoned needles; 2 stones; a kobold corpse
l - a blowgun;
m - 11 poisoned needles The river rat bites you!
* * * LOW HITPOINT WARNING * * *
Okay, then.
The river rat completely misses you.
Unknown command.
You enter the shallow water.
Moving in this stuff is going to be slow.
The river rat misses your crimson imp.
Really read
d - 2 scrolls of identify {!r}?
As you read the scroll of identify {!r}, it crumbles to dust.
i - a scroll of amnesia {!r} The river rat misses your crimson imp.
Wield which item (- for none, * to show all)? (? for menu, Esc to quit)
l - a +0 blowgun (weapon)
The river rat closely misses your crimson imp.
The river rat bites your crimson imp.
You see here 2 stones.
Firing (i - inventory. (/) - cycle)
m - 11 poisoned needles (quivered)
Press: ? - help, Shift-Dir - straight line, f - river rat
Aim: a river rat (severely wounded)
You shoot a poisoned needle. The poisoned needle hits the river rat.
The river rat is severely wounded.
Your crimson imp disappears in a puff of smoke!
The river rat bites you.
You die...

..≈.. ... ≈.. ..≈
#≈# #≈# #≈# ##≈##
##@§.##
≈####(∩r(≈#####
≈.≈≈≈(..∩≈≈≈≈≈≈≈≈
.≈####≈...≈#####≈
##.≈.## ##≈## #≈#
#≈# #≈#


You could see a river rat.

Vanquished Creatures
  A hound zombie (D:3)
  4 adders
  An ooze (D:2)
  4 dart slugs
  A giant cockroach (D:1)
  5 goblins
  7 hobgoblins
  6 jackals
  3 kobolds
  3 bats
  2 frilled lizards
  6 rats
43 creatures vanquished.

Notes
Turn   | Place    | Note
-------+----------+-------------------------------------------
     0 | D:1      | Amnesiac the Mummy Wizard began the quest for the Orb.
     0 | D:1      | Reached XP level 1. HP: 13/13 MP: 5/5
   242 | D:1      | Reached XP level 2. HP: 14/19 MP: 0/7
   250 | D:1      | Learned a level 2 spell: Blink
   253 | D:1      | Learned a level 2 spell: Call Imp
   381 | D:1      | Reached skill level 5 in Spellcasting
   768 | D:2      | Reached XP level 3. HP: 21/24 MP: 0/10
   773 | D:2      | Learned a level 3 spell: Conjure Flame
   777 | D:2      | Learned a level 3 spell: Mephitic Cloud
  1168 | D:3      | Reached skill level 6 in Spellcasting
  1256 | D:3      | Reached XP level 4. HP: 21/30 MP: 1/12
  1462 | D:3      | Found a glowing drain.
  1494 | Sewer    | Entered a sewer
  1520 | Sewer    | Slain by a river rat

Vault maps used:
D:1:      minmay_arrival_up_and_down, minmay_misc_feat_more_columns
D:2:      minmay_door_path, first_ration, uniq_terence, uniq_natasha
D:3:      cheibrodos_sewer_entry_bend
D:4:      kennysheep_slug_shrine, nicolae_overflow_hidden_temple
Sewer:    sewer_co_15_rooms

Skill      XL: |  1  2  3 |
---------------+----------+-----
Spellcasting   | 5 6 |  6.7
Dodging        | |  1.5
Stealth        | |  1.5
Conjurations   | |  0.7
Summonings     | |  0.7
Translocations | |  0.7

Action                   |  1- 3 |  4- 6 || total
-------------------------+-------+-------++-------
Melee: Short sword       |    32 |    13 ||    45
       Unarmed           |     3 |       ||     3
 Fire: Hunting sling     |       |    11 ||    11
       Blowgun           |       |     1 ||     1
 Cast: Magic Dart        |    76 |    16 ||    92
       Call Imp          |       |     1 ||     1
  Use: Scroll            |     1 |     1 ||     2
Armor: Ring mail         |    26 |    20 ||    46
       Robe              |     2 |       ||     2
Dodge: Dodged            |    27 |    16 ||    43

Table legend:
 A = Spawn XP
 B = Non-spawn XP
 C = Spawn XP percentage of total XP
 D = Spawn monster count
 E = Non-spawn monster count
 F = Spawn count percentage of total count
 G = Total turns spent on level
                    A         B        C        D         E        F      G
               +---------+---------+-------+---------+---------+-------+---------
         Total |       0 |     151 |   0.0 |       0 |      43 |   0.0 |  1520
               +---------+---------+-------+---------+---------+-------+---------
           D:1 |       0 |      35 |   0.0 |       0 |      19 |   0.0 |   759
           D:2 |       0 |      39 |   0.0 |       0 |      10 |   0.0 |   361
           D:3 |       0 |      62 |   0.0 |       0 |      12 |   0.0 |   370
         Sewer |       0 |      15 |   0.0 |       0 |       2 |   0.0 |    26
               +---------+---------+-------+---------+---------+-------+---------
